Cogmind - Beta 17 @@@ ROGUE MODE // 2026.07.26 @ 00:20:38 Player: rko Result: Destroyed by G-50 Soldier with Heavy Laser Performance ------------- Evolutions (4) 2000 Regions Visited (11) 2200 Robots Destroyed (260) 1300 Value Destroyed (10508) 10508 Prototype IDs (46) 920 Alien Tech Used (0) 0 Bonus (5417) 5417 TOTAL SCORE: 22345 Bonus ------- High Alert Combat Kills 2387 Follower Combat Kills 1240 Entered Garrisons 400 Used RIF Installer 1500 Aligned with FarCom 300 Friendly Fire -410 Cogmind --------- Core Integrity 0/850 Matter 150/300 Energy 100/100 System Corruption 4% Temperature Cool (9) Movement Flying (70) Location -6/Factory Parts ------- > --- POWER (1) -------- (None) > --- PROPULSION (4) --- Improved Medium Treads Armored Leg Biomechanical Wings > --- UTILITY (7) ------ Improved Signal Interpreter Relay Coupler [Swarmer] (4) Relay Coupler [Sentry] (25) Relay Coupler [Hunter] (17) > --- WEAPON (3) ------- (None) > --- INVENTORY (5) ---- Improved Deuterium Engine Matter Compressor (250) Relay Coupler [Demolisher] (23) Remote Datajack Peak State ------------ > --- POWER ------------ Improved Deuterium Engine > --- PROPULSION ------- Improved Heavy Treads Improved Heavy Treads > --- UTILITY ---------- Huge Storage Unit Target Analyzer Layered Light Armor Plating System Shield Relay Coupler [Brawler] > --- WEAPON ----------- PD Laser > --- INVENTORY -------- Improved Deuterium Engine Light Treads Light Treads Cooling System Large Battery High-capacity Matter Pod Matter Compressor Improved Signal Interpreter Improved Utility Shielding Improved Light Armor Plating Relay Coupler [Swarmer] Relay Coupler [Swarmer] Relay Coupler [Sentry] Relay Coupler [Demolisher] Relay Coupler [Demolisher] Relay Coupler [Specialist] Relay Coupler [Hunter] PD Laser Coil Gun Coil Gun Mini Assault Cannon Rocket Array Improved Remote Datajack [Rating: 77] Favorites ----------- Power Light Nuclear Core Engine Improved Deuterium Engine Power Core Light Nuclear Core Propulsion Light Treads Treads Light Treads Leg Improved Carbon-fiber Leg Wheel Wheel Hover Unit Cooled Airjet Flight Unit Biomechanical Wings Utility Huge Storage Unit Device Cooling System Storage Huge Storage Unit Processor 0b10 Alert Chip Hackware System Shield Protection Centrium Light Armor Plating Weapon Enhanced Autogun Energy Gun Advanced Beam Rifle Energy Cannon Improved EM Pulse Cannon Ballistic Gun Enhanced Autogun Ballistic Cannon Advanced Assault Cannon Launcher Rocket Array Special Weapon Improved Remote Datajack Build | -11 -10 -10 -10 -9 -8 -8 -8 -7 -7 -7 -6 ------- Run | Yrd Mat Min Exi Min Mat Sto Gar Fac Gar Fac Fac Slots Evolved 8 | . . . . . 4 . . 2 . . 2 Power . | . . . . . . . . . . . . Propulsion 2 | . . . . . 1 . . 1 . . . Utility 5 | . . . . . 2 . . 1 . . 2 Weapon 1 | . . . . . 1 . . . . . . Parts Attached 196 | 11 8 9 1 2 25 17 11 36 32 14 30 Power 21 | 1 . 2 . . 4 3 1 4 3 1 2 Engine 11 | 1 . 1 . . 3 . . 2 2 1 1 Core 10 | . . 1 . . 1 3 1 2 1 . 1 Reactor . | . . . . . . . . . . . . Propulsion 55 | 5 1 2 1 . 4 7 4 13 10 3 5 Treads 27 | . . 2 . . 3 6 4 1 6 3 2 Leg 15 | . . . . . . . . 10 4 . 1 Wheel 9 | 5 1 . 1 . 1 . . . . . 1 Hover 3 | . . . . . . 1 . 2 . . . Flight 1 | . . . . . . . . . . . 1 Utility 69 | 2 2 3 . 1 6 4 4 13 12 7 15 Device 20 | 1 . 1 . . 3 . 1 2 1 3 8 Storage 4 | 1 1 . . . . . . 1 . . 1 Processor 5 | . . . . 1 1 . 1 . . 1 1 Hackware 28 | . . . . . 1 2 2 9 8 2 4 Protection 12 | . 1 2 . . 1 2 . 1 3 1 1 Artifact . | . . . . . . . . . . . . Weapon 51 | 3 5 2 . 1 11 3 2 6 7 3 8 Energy Gun 11 | . . . . . 5 . . 1 1 2 2 Energy Cannon 2 | . . . . . 1 . . . . . 1 Ballistic Gun 27 | 3 3 2 . . 5 3 2 1 6 . 2 Ballistic Cannon 3 | . 1 . . . . . . 1 . 1 . Launcher 5 | . 1 . . 1 . . . 1 . . 2 Special Weapon 3 | . . . . . . . . 2 . . 1 Impact Weapon . | . . . . . . . . . . . . Slashing Weapon . | . . . . . . . . . . . . Piercing Weapon . | . . . . . . . . . . . . Special Melee Weapon . | . . . . . . . . . . . . Unidentified Prototypes 15 | . . 1 . . 2 3 . 3 1 1 4 Parts Lost 66 | . 1 5 . 2 6 1 2 12 11 2 24 Power 8 | . . 1 . . 2 . . 2 . . 3 Propulsion 25 | . 1 1 . 1 1 1 1 6 6 . 7 Utility 17 | . . 1 . . 3 . 1 3 1 1 7 Weapon 16 | . . 2 . 1 . . . 1 4 1 7 Highest Loss Streak 12 | . 1 3 . 1 3 1 2 3 6 1 12 To Critical Strikes 1 | . . . . . . . . 1 . . . Average Backups 22 | 4 14 23 23 23 23 23 24 24 23 21 15 Power 1 | . 1 2 2 2 2 1 1 . 1 1 2 Propulsion 2 | 2 4 6 5 4 2 2 1 1 3 2 1 Utility 13 | . 5 9 12 14 12 15 18 18 14 13 8 Weapon 4 | 1 3 4 3 3 6 5 4 3 4 3 2 Tool/Special . | . . . . . . . . . . . . Unused Backups 67 | 3 3 3 4 . 8 4 15 3 13 . 11 Power 7 | 1 1 . 1 . 1 . . . 2 . 1 Propulsion 16 | 2 . 2 . . 2 2 . 2 6 . . Utility 34 | . 1 1 2 . 3 1 15 . 3 . 8 Weapon 9 | . 1 . 1 . 2 1 . 1 2 . 1 Tool/Special 1 | . . . . . . . . . . . 1 Average Slot Usage (%) 94 | . 96 99 100 99 98 99 98 96 92 79 77 Engine 3 | . 14 9 . . 1 . . 2 4 7 2 Core 5 | . . 4 14 14 7 8 9 4 2 . 2 Treads 15 | . . . . . 21 26 26 11 12 16 16 Leg 3 | . . . . . . . . 14 12 . . Wheel 5 | . 25 27 28 28 4 . . . . . . Device 4 | . 2 . . . 6 9 8 3 . 1 12 Storage 8 | . 14 14 14 14 9 9 9 7 7 7 4 Processor 1 | . . . . 1 9 . 1 . . 3 1 Hackware 11 | . . . . . 8 9 7 17 24 15 17 Protection 7 | . 11 13 14 12 2 8 8 7 4 8 4 Energy Gun 3 | . . . . . 20 3 . 2 3 1 1 Ballistic Gun 16 | . 23 28 28 23 6 23 27 16 7 11 8 Ballistic Cannon 1 | . 3 . . . . . . . 3 3 1 Special Weapon 1 | . . . . . . . . 1 6 1 . Peak Build Rating 77 | 7 12 21 17 17 39 47 49 63 72 77 77 Average Rating 43 | 4 10 13 16 16 35 40 45 52 50 69 56 On Entrance 30 | . 7 12 16 17 16 23 41 49 53 70 62 Avg Prop Armor Cover (%) 24 | . . . . . . . . 2 . 11 35 Naked Turns . | . . . . . . . . . . . . Heaviest Build 112 | 15 98 98 98 98 105 102 103 110 110 112 111 Greatest Support 150 | 32 26 26 26 26 62 62 60 80 150 150 125 Greatest Overweight (x) 33 | . 6 9 3 4 4 2 2 9 2 1 33 Average Overweight (x) 1 | . 2 3 3 3 1 1 1 1 . . . Largest Inventory Capacity 25 | 8 25 25 25 25 25 25 25 25 25 25 25 Average Capacity 24 | 6 21 25 25 25 25 25 25 25 25 25 19 Most Carried 25 | 8 19 25 25 25 25 25 25 25 25 25 25 Average Carried 23 | 4 14 23 24 24 24 24 24 24 24 24 17 Final Capacity 25 | 8 25 25 25 25 25 25 25 25 25 25 5 Final Carried 25 | 8 19 25 25 25 25 25 25 25 25 25 4 Class Distribution -------------------- 25% | Scavenger-Skirmisher 20% | Bothacker-Skirmisher 19% | Mutant 16% | Bothacker-Tank 6% | Skirmisher 5% | Commander-Skirmisher Dominant Class ---------------- Mutant | -10/Materials Mutant | -10/Mines Mutant | -10/Exiles Mutant | -9/Mines Scavenger-Skirmisher | -8/Materials Commander-Skirmisher | -8/Storage Scavenger-Skirmisher | -8/Garrison Bothacker-Skirmisher | -7/Factory Bothacker-Skirmisher | -7/Garrison Bothacker-Tank | -7/Factory Bothacker-Tank | -6/Factory Resources | -11 -10 -10 -10 -9 -8 -8 -8 -7 -7 -7 -6 ----------- Run | Yrd Mat Min Exi Min Mat Sto Gar Fac Gar Fac Fac Matter Collected 11319 | 414 696 582 . 212 661 975 1369 2555 1308 1105 1442 Remotely 655 | . . . . . . . . . . . 655 Salvage Created 10665 | 210 691 245 . 144 1521 1409 871 2587 763 1208 1016 Parts 525 | 12 36 6 . 20 79 79 54 109 18 57 55 Haulers Intercepted 15 | . 2 . . . 3 6 . 3 . . 1 Recyclers Shooed 14 | . . . . . 1 . . 1 . . 12 Parts Field Recycled . | . . . . . . . . . . . . Retrieved Matter . | . . . . . . . . . . . . Parts Self-Destructed . | . . . . . . . . . . . . Prevented . | . . . . . . . . . . . . Parts Restored 1 | . . . . . . . . . . . 1 Broken 1 | . . . . . . . . . . . 1 Kills | -11 -10 -10 -10 -9 -8 -8 -8 -7 -7 -7 -6 ------- Run | Yrd Mat Min Exi Min Mat Sto Gar Fac Gar Fac Fac Combat Hostiles Destroyed 178 | . 18 12 . 12 19 17 23 36 5 20 16 Guns 134 | . 9 12 . 1 18 16 23 27 4 18 6 Cannons 6 | . 1 . . . . . . 1 1 2 1 AOE 36 | . 8 . . 11 . . . 8 . . 9 Classes Destroyed 20 | 3 5 2 . . 4 1 . 3 . 2 . Worker 23 | 2 2 . . . 3 4 . 5 . 1 6 Builder 6 | . . . . . 2 . . . . 2 2 Tunneler 4 | 3 . . . . . . . 1 . . . Hauler 15 | . 2 . . . 3 6 . 3 . . 1 Recycler 18 | 1 1 . . 1 3 2 . 7 . 2 1 Mechanic 5 | . . . . . . . . 2 . . 3 Operator 10 | . 2 . . . 1 4 . 1 . 1 1 Watcher 9 | . 1 . . . 5 . 1 2 . . . Swarmer 30 | . 6 . . 12 1 1 7 3 . . . Grunt 72 | . 12 2 . . 12 7 9 18 2 7 3 Brawler 6 | . . . . . 1 . . 3 . 1 1 Duelist 5 | . . . . . . 1 1 1 . 2 . Protector 2 | . . . . . . . . 1 . . 1 Sentry 18 | . . . . . 4 6 4 . 2 1 1 Demolisher 1 | . . 1 . . . . . . . . . Specialist 5 | . . . . . . . . . . 2 3 Hunter 10 | . . . . . 1 1 2 3 . 1 2 Programmer 17 | . . . . . . . . 8 1 3 5 Heavy 2 | . . . . . . . . . . 2 . Assembled 9 | . . 9 . . . . . . . . . Thug 1 | . . . . . . . . . . 1 . Best Kill Streak 18 | 4 6 2 . 4 4 3 10 6 1 9 18 Combat Bots Only 10 | . 5 2 . 4 3 3 10 4 1 5 9 Max Kills in Single Turn 4 | 2 2 1 . 4 1 2 2 4 1 3 3 Gunslinging 1 | . . . . . . . 1 1 . . . Exploded 4 | . 2 . . 4 . . . 4 . . 2 Melee . | . . . . . . . . . . . . Uniques/NPCs Destroyed 1 | . . . . . . 1 . . . . . 01-MTF (-8/Storage) Combat | -11 -10 -10 -10 -9 -8 -8 -8 -7 -7 -7 -6 -------- Run | Yrd Mat Min Exi Min Mat Sto Gar Fac Gar Fac Fac Hostile Shots Fired 1205 | . 56 39 . 11 94 33 79 176 219 127 371 Missed 401 | . 18 10 . 8 26 6 19 46 71 38 159 Hits 804 | . 38 29 . 3 68 27 60 130 148 89 212 Melee 28 | . . 11 . . . . . 7 2 8 . Projectile 776 | . 38 18 . 3 68 27 60 123 146 81 212 AOE 4 | . . . . . 3 . . 1 . . . Critical Strikes 26 | . . . . . 4 2 3 9 . 2 6 Part Disruptions 4 | . . 1 . . . . . . . . 3 Damage Taken 13142 | . 411 549 . 77 1200 530 794 2523 1508 1791 3759 Core 1871 | . 46 74 . 6 108 43 92 342 146 156 858 Absorbed by Shields . | . . . . . . . . . . . . Regen/Repaired (Parts) 1149 | . 53 . . . 293 . . 102 . 146 555 Core Remaining (%) 53 | 100 . . . 49 . . 55 . . 8 . Volleys Fired 742 | 15 50 34 . 9 96 63 78 168 112 54 63 Largest 3 | 2 2 2 . 2 3 3 3 3 2 3 3 Hottest 183 | 40 53 46 . 60 183 183 68 131 120 100 120 Shots Fired 1738 | 30 91 68 . 12 257 191 236 389 182 154 128 Gun 1533 | 30 69 68 . 4 255 191 236 357 130 110 83 Cannon 118 | . 13 . . . 2 . . 11 25 38 29 Launcher 29 | . 9 . . 8 . . . 4 . . 8 Special 58 | . . . . . . . . 17 27 6 8 Kinetic 1342 | 30 82 68 . 4 87 170 236 328 115 123 99 Thermal 307 | . . . . . 170 21 . 40 40 25 11 Explosive 29 | . 9 . . 8 . . . 4 . . 8 Electromagnetic 2 | . . . . . . . . . . . 2 Robot Hit Streak 31 | 9 8 10 . 2 11 13 7 17 31 13 9 Robot Miss Streak 12 | 4 4 3 . 3 8 5 4 6 12 9 5 Penetration Max 2 | . . . . . . . . 1 1 2 2 Secondary Targets 20 | . 1 1 . . 3 2 9 4 . . . Max Gunslinging Chain 1 | . 1 1 . . 1 1 1 1 . . . Autonomous 49 | . . . . . . . . . . 34 15 Shots Hit Robots 995 | 19 53 40 . 2 146 110 95 232 119 100 79 Core Hits 599 | 7 37 23 . 15 62 51 46 120 106 49 83 Critical Kills 9 | . . . . . . 1 . 7 . 1 . Critical Parts Destroyed 14 | . 1 . . . . . 1 7 2 3 . Critical Strikes 34 | . 2 . . . 4 2 1 15 5 5 . Burn 5 | . . . . . 4 1 . . . . . Destroy 25 | . 1 . . . . 1 1 14 4 4 . Blast 4 | . 1 . . . . . . 1 1 1 . Melee Attacks . | . . . . . . . . . . . . Impact . | . . . . . . . . . . . . Slashing . | . . . . . . . . . . . . Piercing . | . . . . . . . . . . . . Sneak Attacks . | . . . . . . . . . . . . Combat Hostiles . | . . . . . . . . . . . . Follow-up Attacks . | . . . . . . . . . . . . Damage Inflicted 24942 | 238 1414 617 . 467 2666 2157 1781 5172 2559 3377 4494 Guns 18389 | 238 630 617 . 28 2665 2140 1781 3926 2213 2495 1656 Cannons 1567 | . 123 . . . . . . 38 346 727 333 Explosions 4897 | . 654 . . 439 . . . 1187 . 124 2493 Melee . | . . . . . . . . . . . . Ramming 89 | . 7 . . . 1 17 . 21 . 31 12 Kinetic 14914 | 238 753 617 . 28 720 1880 1781 3380 1573 2372 1572 Thermal 5110 | . . . . . 1945 260 . 584 986 974 361 Explosive 4773 | . 654 . . 439 . . . 1187 . . 2493 Electromagnetic 56 | . . . . . . . . . . . 56 Impact . | . . . . . . . . . . . . Slashing . | . . . . . . . . . . . . Piercing . | . . . . . . . . . . . . Highest Corruption 14 | . . . . . 2 2 2 7 7 14 4 Average Corruption 4 | . . . . . 1 2 2 5 7 7 2 Corruption Purged 5 | . . . . . . . . 5 . . . Corruption Blocked . | . . . . . . . . . . . . Effects 330 | . . . . . 20 34 42 70 80 74 10 Message Errors 65 | . . . . . 4 12 11 12 16 9 1 Matter Fused 87 | . . . . . 4 7 10 24 20 19 3 Heat Flow Errors 44 | . . . . . 2 4 4 12 11 8 3 Energy Discharges 38 | . . . . . 2 1 3 10 7 15 . Parts Rejected 7 | . . . . . . . . 2 2 2 1 Parts Fused 5 | . . . . . 1 1 . 3 . . . Data Loss (minor) 35 | . . . . . 2 5 5 1 11 10 1 Data Loss (major) 23 | . . . . . 4 1 5 2 5 6 . Misfires 13 | . . . . . 1 2 2 2 5 1 . Alerts 5 | . . . . . . 1 2 . 1 . 1 Weapon Failures 8 | . . . . . . . . 2 2 4 . Overload Shots . | . . . . . . . . . . . . Overflow Damage 110 | . 1 . . 2 14 . . 23 . 45 25 Projectiles 45 | . . . . . . . . . . 45 . Explosions 65 | . 1 . . 2 14 . . 23 . . 25 Melee . | . . . . . . . . . . . . Knockbacks 17 | . 1 . . . . . . . 2 11 3 Impact 1 | . . . . . . . . . . 1 . Kinetic 15 | . 1 . . . . . . . 2 9 3 Secondary 1 | . . . . . . . . . . 1 . Self-Inflicted Damage 661 | . 3 . . 56 95 . . 252 . 85 170 Shots 20 | . . . . 2 2 . . 9 . 1 6 Rammed 10 | . 2 . . . . 3 . 1 . 2 2 Targets Rammed 13 | . 2 . . . 1 3 . 3 . 2 2 Kicked 1 | . . . . . . . . 1 . . . Crushed 2 | . . . . . 1 . . 1 . . . Highest Temperature 717 | . 33 18 . 15 345 233 244 310 297 717 184 Average Temperature 89 | . 9 8 . 10 62 59 73 76 96 185 55 Received Heat Transfer 2537 | . 171 35 . . 450 180 207 417 399 288 390 Effects 34 | . . . . . 2 . 2 3 1 26 . Shutdowns 3 | . . . . . . . . . . 3 . Energy Bleed 6 | . . . . . 1 . 2 . 1 2 . Interference 9 | . . . . . . . . 3 . 6 . Matter Decay 1 | . . . . . . . . . . 1 . Short Circuit 2 | . . . . . 1 . . . . 1 . Damage (minor) 1 | . . . . . . . . . . 1 . Damage (major) 12 | . . . . . . . . . . 12 . Siege Activations . | . . . . . . . . . . . . Martial Activations . | . . . . . . . . . . . . Shielding Activations . | . . . . . . . . . . . . Robots Disrupted . | . . . . . . . . . . . . Combat Hostiles . | . . . . . . . . . . . . Robots Corrupted . | . . . . . . . . . . . . Combat Hostiles . | . . . . . . . . . . . . Parts Fried . | . . . . . . . . . . . . Impact Corruptions . | . . . . . . . . . . . . Robots Melted 2 | . . . . . 1 1 . . . . . Combat Hostiles 2 | . . . . . 1 1 . . . . . Parts Melted 11 | . . . . . 5 2 . 1 2 . 1 Heat Transferred 8951 | . . . . . 3922 592 . 962 2250 850 375 Parts Sabotaged . | . . . . . . . . . . . . Parts Stolen . | . . . . . . . . . . . . Parts Stripped . | . . . . . . . . . . . . Power Chain Reactions 1 | . . . . . 1 . . . . . . Alert | -11 -10 -10 -10 -9 -8 -8 -8 -7 -7 -7 -6 ------- Run | Yrd Mat Min Exi Min Mat Sto Gar Fac Gar Fac Fac Maximum Alert Level 5 | . 1 . . 1 . 2 5 4 5 4 2 Low Security (%) 31 | 100 71 100 . 73 100 47 . . . . . Level 1 8 | . 28 . . 26 . 20 16 . . . 19 Level 2 13 | . . . . . . 31 18 . . . 80 Level 3 20 | . . . . . . . 8 51 24 77 . Level 4 20 | . . . . . . . 32 48 49 22 . Level 5 6 | . . . . . . . 25 . 25 . . High Security . | . . . . . . . . . . . . Max Security . | . . . . . . . . . . . . Peak Influence 2218 | 15 266 55 . 266 134 510 2096 1354 2218 1303 636 Initial 1164 | . . 55 . . 16 29 303 1100 942 1164 636 Average 670 | 1 161 6 . 143 44 226 1125 1071 1390 1038 440 Influence Increases 9314 | 30 670 101 . 376 776 926 1953 1294 1626 833 729 Destroy 0b10 Robot/C 3968 | . 360 80 . 240 368 400 540 740 400 540 300 Destroy 0b10 Robot/NC 488 | 30 40 . . 5 68 80 5 110 35 40 75 Destroy Leader 782 | . 76 20 . 30 104 122 40 188 20 120 62 Allied During Kill 306 | . . 1 . 30 16 115 30 10 72 32 . Successful Hack 193 | . 12 . . . 28 45 28 26 14 4 36 Select Force Hacks 114 | . 60 . . . 24 30 . . . . . Disable Machine 492 | . 90 . . 15 72 90 45 60 . 45 75 Anti-Garrison Action 2150 | . . . . . . . 1150 . 1000 . . Destroy Structure 347 | . 32 . . 56 12 14 40 115 10 37 31 Partial Spotted 45 | . . . . . . 15 . 15 . . 15 Lose Combat Pursuer 429 | . . . . . 84 15 75 30 75 15 135 Influence Decreases 8847 | 30 526 245 . 334 746 531 324 2044 754 1752 1561 Entered New Map 3439 | . . 89 . . 26 43 164 996 404 1054 663 Time Decay 4007 | 30 516 145 . 314 610 418 . 738 . 638 598 Lost Part 610 | . 10 . . 20 60 10 20 120 110 20 240 Lost Ally 641 | . . 11 . . 50 60 140 40 240 40 60 Purge Threat 150 | . . . . . . . . 150 . . . Squads Dispatched 54 | . 4 . . . 4 6 . 15 . 13 12 Investigation 8 | . 2 . . . 2 3 . . . 1 . Extermination 13 | . . . . . . . . 6 . 3 4 Reinforcement 21 | . 2 . . . 2 3 . 6 . 5 3 Assault 11 | . . . . . . . . 3 . 4 4 Garrison 1 | . . . . . . . . . . . 1 Intercept . | . . . . . . . . . . . . Searches Triggered . | . . . . . . . . . . . . Construction Impeded 3 | . . . . . . . . 1 . 1 1 Haulers Reinforced 4 | . . . . . . . . 4 . . . Active Scanning Responses . | . . . . . . . . . . . . Cargo Convoy Interrupts 2 | . . . . . . . . . . 1 1 Stealth | -11 -10 -10 -10 -9 -8 -8 -8 -7 -7 -7 -6 --------- Run | Yrd Mat Min Exi Min Mat Sto Gar Fac Gar Fac Fac Distress Signals 13 | . . 1 . . 5 2 1 2 . . 2 Communications Jammed . | . . . . . . . . . . . . Distress Signals . | . . . . . . . . . . . . Times Spotted 358 | . 22 19 . 8 44 36 35 66 34 33 61 Peak Tracking Total 14 | . 5 5 . 4 7 4 7 5 7 5 14 Tactical Retreats 31 | . . 4 . . 5 1 5 2 2 1 11 ECM-based Alert Blocks 6 | . . . . . . . . . . . 6 Traps | -11 -10 -10 -10 -9 -8 -8 -8 -7 -7 -7 -6 ------- Run | Yrd Mat Min Exi Min Mat Sto Gar Fac Gar Fac Fac Traps Triggered 18 | . . . . . . . 6 3 4 3 2 Indirectly . | . . . . . . . . . . . . Trap Hack Attempts . | . . . . . . . . . . . . Triggered . | . . . . . . . . . . . . Disarmed . | . . . . . . . . . . . . Reprogrammed . | . . . . . . . . . . . . Reused . | . . . . . . . . . . . . Traps Extracted . | . . . . . . . . . . . . Installed . | . . . . . . . . . . . . Triggered . | . . . . . . . . . . . . Objects Rigged 2 | . . . . . 2 . . . . . . Machines | -11 -10 -10 -10 -9 -8 -8 -8 -7 -7 -7 -6 ---------- Run | Yrd Mat Min Exi Min Mat Sto Gar Fac Gar Fac Fac Machines Disabled 45 | . 6 . . 1 6 6 9 4 5 3 5 Max in Single Turn 2 | . 2 . . . 1 1 1 1 1 1 1 Garrison Access 1 | . . . . . . . . . . . 1 Garrison Relay 11 | . . . . . . . 6 . 5 . . Machines Repaired . | . . . . . . . . . . . . Machines Dismantled . | . . . . . . . . . . . . Machines Sabotaged . | . . . . . . . . . . . . Overloaded Fab Kills . | . . . . . . . . . . . . Hacking | -11 -10 -10 -10 -9 -8 -8 -8 -7 -7 -7 -6 --------- Run | Yrd Mat Min Exi Min Mat Sto Gar Fac Gar Fac Fac Machines Accessed 56 | . 5 1 2 . 11 10 4 11 2 3 7 Terminals 26 | . 2 . . . 6 7 4 2 2 . 3 Fabricators 4 | . . . . . . . . 2 . 1 1 Repair Stations 8 | . 1 . . . 2 1 . 1 . 2 1 Recycling Units 8 | . 2 . . . 1 1 . 3 . . 1 Scanalyzers 5 | . . . . . 2 . . 2 . . 1 Garrison Access 2 | . . . . . . 1 . 1 . . . Total Hacks 205 | . 17 1 5 . 60 41 10 32 5 8 26 Successful 116 | . 9 1 5 . 48 17 2 14 1 5 14 Failed 86 | . 8 . . . 11 23 8 17 4 3 12 Catastrophic 12 | . . . . . 1 1 3 4 2 . 1 Database Lockouts 3 | . . . . . 1 1 . 1 . . . Manual 53 | . 4 . 1 . 18 24 . . . . 6 Terminals 109 | . 9 . . . 27 37 10 6 5 . 15 Fabricators 9 | . . . . . . . . 5 . 2 2 Repair Stations 24 | . 2 . . . 8 1 . 3 . 6 4 Recycling Units 24 | . 6 . . . 4 2 . 9 . . 3 Scanalyzers 31 | . . . . . 21 . . 8 . . 2 Garrison Access 2 | . . . . . . 1 . 1 . . . Terminal Hacks 42 | . 3 1 5 . 11 11 2 1 1 . 7 Record 4 | . . . 4 . . . . . . . . Robot Analysis 7 | . 2 . . . 1 4 . . . . . Prototype ID Bank 5 | . . . . . 2 3 . . . . . Open Door 2 | . . 1 . . . 1 . . . . . Branch Access Points 2 | . 1 . . . . . . . . . 1 Emergency Access Points 4 | . . . . . 3 . . . . . 1 Scanalyzer Index 2 | . . . . . 1 . . . . . 1 Alert Level 2 | . . . . . . 1 . . . . 1 Unreport Threat 1 | . . . . . . . . 1 . . . Locate Traps 5 | . . . . . 1 2 . . . . 2 Patrol Status 1 | . . . . . 1 . . . . . . Investigation Status 1 | . . . . . . . . . . . 1 Hauler Manifests 1 | . . . . . 1 . . . . . . Zone Layout 1 | . . . . . 1 . . . . . . Garrison Registry 1 | . . . . . . . 1 . . . . Security Stations 2 | . . . . . . . 1 . 1 . . Proto ID Catalog 1 | . . . 1 . . . . . . . . Fabricator Hacks 3 | . . . . . . . . 3 . . . Network Status 1 | . . . . . . . . 1 . . . Load Schematic 1 | . . . . . . . . 1 . . . Build 1 | . . . . . . . . 1 . . . Repair Station Hacks 19 | . 2 . . . 8 . . 2 . 5 2 Scan Component 10 | . 1 . . . 4 . . 1 . 3 1 Repair 9 | . 1 . . . 4 . . 1 . 2 1 Recycling Unit Hacks 7 | . 2 . . . . 1 . 2 . . 2 Report Inventory 1 | . . . . . . . . 1 . . . Retrieve Components 6 | . 2 . . . . 1 . 1 . . 2 Scanalyzer 24 | . . . . . 18 . . 5 . . 1 Insert Component 8 | . . . . . 7 . . 1 . . . Analyze 8 | . . . . . 7 . . 1 . . . Retrieve Study 8 | . . . . . 4 . . 3 . . 1 Garrison Access Hacks 2 | . . . . . . 1 . 1 . . . Unlock Access 2 | . . . . . . 1 . 1 . . . Unauthorized Hacks 19 | . 2 . . . 11 4 . . . . 2 Terminals 14 | . . . . . 9 3 . . . . 2 Track 1 | . . . . . 1 . . . . . . Assimilate 2 | . . . . . 1 1 . . . . . Botnet 7 | . . . . . 4 1 . . . . 2 Detonate 2 | . . . . . 2 . . . . . . Operators 2 | . . . . . 1 1 . . . . . Fabricators . | . . . . . . . . . . . . Repair Stations . | . . . . . . . . . . . . Recycling Units 4 | . 2 . . . 1 1 . . . . . Tunnel 4 | . 2 . . . 1 1 . . . . . Scanalyzers 1 | . . . . . 1 . . . . . . Researchers 1 | . . . . . 1 . . . . . . Garrison Access . | . . . . . . . . . . . . Data Cores Recovered 1 | . . . . . . 1 . . . . . Used . | . . . . . . . . . . . . Hacking Detections 43 | . 2 . . . 9 8 3 10 2 2 7 Full Trace Events 10 | . 2 . . . 2 2 3 . 1 . . Feedback Events 1 | . . . . . . . . . 1 . . Hackware Fried 1 | . . . . . . . . . 1 . . Feedback Blocked . | . . . . . . . . . . . . Robot Schematics Acquired . | . . . . . . . . . . . . Robots Built . | . . . . . . . . . . . . Authchips . | . . . . . . . . . . . . Time . | . . . . . . . . . . . . Total Robot Build Rating . | . . . . . . . . . . . . Part Schematics Acquired 7 | . . . . . 6 . . 1 . . . Parts Built 2 | . . . . . . . . 2 . . . Authchips 1 | . . . . . . . . 1 . . . Time 17 | . . . . . . . . 17 . . . Total Part Build Rating 2 | . . . . . . . . 2 . . . Part Studies Acquired 8 | . . . . . 4 . . 3 . . 1 Parts Repaired 9 | . 1 . . . 4 . . 1 . 2 1 Time 268 | . 26 . . . 122 . . 25 . 82 13 Parts Recycled . | . . . . . . . . . . . . Recycled Matter . | . . . . . . . . . . . . Retrieved Matter . | . . . . . . . . . . . . Retrieved Components 42 | . 9 . . . . 10 . 3 . . 20 Parts Scanalyzed 7 | . . . . . 6 . . 1 . . . Part Schematics Acquired 7 | . . . . . 6 . . 1 . . . Parts Damaged . | . . . . . . . . . . . . Bothacking | -11 -10 -10 -10 -9 -8 -8 -8 -7 -7 -7 -6 ------------ Run | Yrd Mat Min Exi Min Mat Sto Gar Fac Gar Fac Fac Used RIF Installer 3 | . . . . . . . 2 . 1 . . Patrol Navigation 1 | . . . . . . . 1 . . . . Autooverride 1 | . . . . . . . . . 1 . . Robots Hacked 39 | . . . . . . . . 11 18 5 5 Non-combat 3 | . . . . . . . . 3 . . . Combat 36 | . . . . . . . . 8 18 5 5 Robot Hacks Applied 42 | . . . . . . . . 13 19 5 5 no_distress 1 | . . . . . . . . 1 . . . find_chute 1 | . . . . . . . . 1 . . . find_recycling 1 | . . . . . . . . 1 . . . ignore_parts 2 | . . . . . . . . 2 . . . find_shortcuts 2 | . . . . . . . . . 1 1 . spike_heat 1 | . . . . . . . . 1 . . . amplify_resonance 2 | . . . . . . . . . 1 1 . reboot_system 1 | . . . . . . . . 1 . . . go_dormant 3 | . . . . . . . . . 2 . 1 overwrite_iff 10 | . . . . . . . . . 4 3 3 streamctrl_high 8 | . . . . . . . . 3 5 . . formatsys_high 10 | . . . . . . . . 3 6 . 1 Relay Couplers Released 56 | . . . . . . . 23 12 20 . 1 Machine Destruction 44 | . . . . . . . 23 . 20 . 1 Programmers 12 | . . . . . . . . 12 . . . Attached 18 | . . . . . . . 1 4 8 1 4 Fabnet Peak Effective % . | . . . . . . . . . . . . Robots Rewired . | . . . . . . . . . . . . Allies Hacked . | . . . . . . . . . . . . Hacks Repelled . | . . . . . . . . . . . . Allies | -11 -10 -10 -10 -9 -8 -8 -8 -7 -7 -7 -6 -------- Run | Yrd Mat Min Exi Min Mat Sto Gar Fac Gar Fac Fac Total Allies 44 | . . 1 . 2 1 10 . 6 17 3 4 Largest Group 10 | . . 1 . 2 2 10 7 3 4 3 1 Highest-Rated Group 173 | . . 31 . 41 41 173 125 63 170 158 46 Highest-Rated Ally 80 | . . 31 . 31 31 29 29 32 80 80 46 Total Orders . | . . . . . . . . . . . . Ally Attacks 254 | . . 4 . 4 13 41 34 52 60 41 5 Total Damage 4392 | . . 83 . 43 207 392 453 549 1462 1107 96 Kills 41 | . . 1 . . 4 5 4 2 16 9 . Allies Corrupted 1 | . . . . . . . . . . 1 . Allies Melted . | . . . . . . . . . . . . Intel | -11 -10 -10 -10 -9 -8 -8 -8 -7 -7 -7 -6 ------- Run | Yrd Mat Min Exi Min Mat Sto Gar Fac Gar Fac Fac Active Infowar (turns) 722 | 51 296 . . . . . 1 2 . . 372 Terrain 1 | . . . . . . . 1 . . . . Seismic 347 | 51 296 . . . . . . . . . . ECM 374 | . . . . . . . . 2 . . 372 Robot Analysis Total 7 | . 2 . . . 1 4 . . . . . Derelict Logs Recovered 4 | . . 2 . 2 . . . . . . . Drone Launches 3 | . . . . . . . . 3 . . . Drone Recoveries 3 | . . . . . . . . 3 . . . Exploration | -11 -10 -10 -10 -9 -8 -8 -8 -7 -7 -7 -6 ------------- Run | Yrd Mat Min Exi Min Mat Sto Gar Fac Gar Fac Fac Turns Passed 23500 | 153 1476 1272 429 741 2846 3018 2808 3748 2826 2279 1904 Spaces Moved 10828 | 85 904 737 295 472 1156 1260 1238 1215 1255 1017 1194 Core 352 | 7 . . . . . . . . . . 345 Treads 6315 | . . . . . 888 1260 1238 522 752 1017 638 Legs 1181 | . . . . . . . . 676 503 . 2 Wheels 2827 | 78 904 737 295 472 268 . . . . . 73 Hover 17 | . . . . . . . . 17 . . . Flight 136 | . . . . . . . . . . . 136 Fastest Speed 50 | 50 80 135 135 135 125 195 200 190 160 160 50 Average Speed 170 | 87 128 136 135 139 181 197 200 214 190 162 125 Slowest Speed 1700 | 100 190 215 135 140 235 240 240 750 260 240 1700 Overloaded Moves . | . . . . . . . . . . . . Propulsion Burnouts . | . . . . . . . . . . . . Robots Hopped . | . . . . . . . . . . . . Potential Cave-ins . | . . . . . . . . . . . . Cave-ins Triggered . | . . . . . . . . . . . . Exploration Rate (%) 59 | 3 67 97 70 92 65 98 76 27 77 14 28 Regions Visited 11 Branch Regions 4 Pre-discovered Areas 6 | . 2 . 1 1 1 1 . . . . . Known Exits Taken 5 | . 1 . . 1 1 1 . 1 . . . Unknown Exits Taken 4 | 1 . 1 1 . . . . . . 1 . Scrap Searched 2 | . . 1 . 1 . . . . . . . Spaces Dug 6 | . . . . . . 1 . 3 . 1 1 Terrain Destroyed 333 | . 33 . . 57 7 10 . 155 2 36 33 Melee . | . . . . . . . . . . . . Projectile 47 | . . . . . . 10 . 5 2 20 10 AOE 285 | . 33 . . 57 7 . . 149 . 16 23 Terrain Rammed . | . . . . . . . . . . . . Walls Destroyed . | . . . . . . . . . . . . Machines Disabled . | . . . . . . . . . . . . Actions | -11 -10 -10 -10 -9 -8 -8 -8 -7 -7 -7 -6 --------- Run | Yrd Mat Min Exi Min Mat Sto Gar Fac Gar Fac Fac Total 14689 | 134 1132 936 328 539 1724 1706 1490 2112 1543 1540 1505 Wait 2310 | . 132 133 18 47 377 323 94 627 45 412 102 Move 10818 | 84 903 736 294 471 1155 1259 1237 1215 1254 1016 1194 Hop . | . . . . . . . . . . . . Pick Up 251 | 17 21 14 6 2 28 14 25 21 36 15 52 Fast Attach 64 | 1 1 1 . . 7 6 4 19 8 7 10 Attach 102 | 6 2 5 . 2 7 5 1 12 14 10 38 Detach 7 | . . . . . 1 . . . . 2 4 Swap 146 | 6 9 7 4 8 22 11 15 25 21 10 8 Drop 213 | 5 12 6 6 . 30 22 30 22 37 12 31 Fire 742 | 15 50 34 . 9 96 63 78 168 112 54 63 Melee . | . . . . . . . . . . . . Ram 2 | . 2 . . . . . . . . . . Kick 1 | . . . . . . . . 1 . . . Crush 10 | . . . . . 1 3 . 2 . 2 2 Escape Stasis 18 | . . . . . . . 6 . 12 . . Rewire 5 | . . . . . . . . . 4 . 1 Trap . | . . . . . . . . . . . . Miscellaneous . | . . . . . . . . . . . . Route ------- -11/Scrapyard -10/Materials (discovered 3 exits: [*Mat x2] / *Min) -10/Mines (discovered 4 exits: [*Mat x2] / *Exi / [*Sub]) -10/Exiles -9/Mines (discovered 2 exits: *Mat x2) -8/Materials (discovered 3 exits: *Fac x2 / *Sto) -8/Storage (discovered 3 exits: *Fac / [*Rec] / Gar) -8/Garrison (discovered 3 exits: *Fac x3) -7/Factory (discovered 3 exits: [*Low x2] / Gar) -7/Garrison (discovered 3 exits: *Fac x3) -7/Factory -6/Factory (discovered 2 exits: Low x2) History --------- Turn | Location | Event 22 | -11/Scrapyard | Discovered new exit (range 16) 154 | -11/Scrapyard | Entered Materials 313 | -10/Materials | Discovered new exit (range 13) 347 | -10/Materials | Build established: Mutant 465 | -10/Materials | Discovered new exit (range 3) 542 | -10/Materials | Identified exit to Mines 736 | -10/Materials | Repaired Lgt. Cannon 793 | -10/Materials | Discovered new exit (range 15) 954 | -10/Materials | Derelicts attacked the area 1630 | -10/Materials | Entered Mines 1633 | -10/Mines | Received a Mining Laser from a helpful Derelict 1647 | -10/Mines | Discovered new exit (range 5) 1661 | -10/Mines | Joined a pair of Derelicts in attacking an 0b10 outpost 1691 | -10/Mines | Met a Derelict bent on vengeance 1696 | -10/Mines | Learned Materials stockpile data 1720 | -10/Mines | Found a Scrap Suit stashed away for nefarious purposes 1722 | -10/Mines | Found Scrap Suit 1743 | -10/Mines | Deemed a non-threat by the Exiles lab entrance 1743 | -10/Mines | Discovered new exit (range 5) 1768 | -10/Mines | Discovered new exit (range 10) 1782 | -10/Mines | Discovered new exit (range 8) 1810 | -10/Mines | Assembled infested the area 2129 | -10/Mines | Lost 3 parts (1n1u1w) 2599 | -10/Mines | Found the Drone Emporium 2605 | -10/Mines | Found Prototype Device 2605 | -10/Mines | Identified Thief Drone Bay 2902 | -10/Mines | Entered Exiles 2939 | -10/Exiles | Met 8R-AWN 2959 | -10/Exiles | Met EX-HEX 2996 | -10/Exiles | Met EX-BIN 3012 | -10/Exiles | Aligned with FarCom system 3013 | -10/Exiles | Given EX-Vault access code 3044 | -10/Exiles | Opened EX-Vault 3053 | -10/Exiles | Found 0b10 Alert Chip 3086 | -10/Exiles | Warned to stay clear of 0b10 Research branches 3198 | -10/Exiles | Met EX-DEC 3226 | -10/Exiles | Learned location of Zion (-6) 3303 | -10/Exiles | Discovered new exit (range 10) 3331 | -10/Exiles | Left Exiles lab with 0b10 Alert Chip 3331 | -10/Exiles | Entered Mines 3433 | -9/Mines | Core integrity fell below 50% 3745 | -9/Mines | Learned 2 Materials zone layouts 3806 | -9/Mines | Discovered new exit (range 9) 3866 | -9/Mines | Discovered new exit (range 10) 4031 | -9/Mines | Identified exit to Materials 4072 | -9/Mines | Entered Materials 4072 | -8/Materials | Accompanied by 2 allies 4072 | -8/Materials | Evolved 4 slots: Propulsion x1, Utility x2, Weapon x1 4073 | -8/Materials | Identified exit to Storage 4074 | -8/Materials | Identified exit to Factory 4077 | -8/Materials | Led the pair of lost Derelicts to an unsafe place 4392 | -8/Materials | Build established: Scavenger-Skirmisher 4715 | -8/Materials | Central database locked down 4844 | -8/Materials | Discovered exit to Factory (range 9) 4896 | -8/Materials | Repaired Med. Armor Plating 5645 | -8/Materials | Repaired Adv. Treads+ 5672 | -8/Materials | Repaired Lgt. Treads+ 5700 | -8/Materials | Repaired Wheel+ 6918 | -8/Materials | Entered Storage 6933 | -8/Storage | Met 01-MTF 6948 | -8/Storage | Lost 3 parts (1p2u) 7308 | -8/Storage | Identified exit to Garrison 7637 | -8/Storage | Build established: Skirmisher 8262 | -8/Storage | Discovered exit to Factory (range 5) 8703 | -8/Storage | Build established: Scavenger-Skirmisher 8772 | -8/Storage | Assisted by bots powering up and referring to "LRC-V3" 8865 | -8/Storage | Discovered new exit (range 4) 8911 | -8/Storage | Lost 3 allies 8977 | -8/Storage | Destroyed 01-MTF 9064 | -8/Storage | Build established: Commander-Skirmisher 9234 | -8/Storage | Central database locked down 9936 | -8/Storage | Entered Garrison 9936 | -8/Garrison | Accompanied by 7 allies 9952 | -8/Garrison | Triggered checkpoint 10030 | -8/Garrison | Lost 5 allies 10186 | -8/Garrison | Garrison Relay disabled 10270 | -8/Garrison | Build established: Scavenger-Skirmisher 10278 | -8/Garrison | Installed Relay Interface Framework 10479 | -8/Garrison | Learned Factory security intel 10499 | -8/Garrison | Garrison Relay disabled 10621 | -8/Garrison | Garrison Relay disabled 10839 | -8/Garrison | Triggered checkpoint 10945 | -8/Garrison | Triggered checkpoint 10982 | -8/Garrison | Destroyed 10 combat bots 11142 | -8/Garrison | Discovered exit to Factory (range 10) 11266 | -8/Garrison | Triggered checkpoint 11325 | -8/Garrison | Garrison Relay disabled 11580 | -8/Garrison | Discovered exit to Factory (range 10) 11641 | -8/Garrison | Garrison Relay disabled 11948 | -8/Garrison | Garrison Relay disabled 11984 | -8/Garrison | Discovered exit to Factory (range 23) 11984 | -8/Garrison | Discovered exit to Factory (range 30) 11984 | -8/Garrison | Discovered exit to Factory (range 79) 12307 | -8/Garrison | Expanded RIF knowledge: Patrol Navigation 12744 | -8/Garrison | Entered Factory 12744 | -7/Factory | Evolved 2 slots: Propulsion x1, Utility x1 12940 | -7/Factory | Found Prototype Launcher 12940 | -7/Factory | Identified Rocket Array 13061 | -7/Factory | Build established: Scavenger-Tank 13349 | -7/Factory | Discovered new exit (range 10) 13628 | -7/Factory | Build established: Scavenger-Skirmisher 13944 | -7/Factory | First assault squad dispatched 13946 | -7/Factory | Lost 3 parts (2n1u) 13968 | -7/Factory | Build established: Bothacker-Skirmisher 14347 | -7/Factory | Discovered new exit (range 13) 14497 | -7/Factory | Lost 3 parts (1p2n) 15945 | -7/Factory | Repaired Hyp. Gauss Rifle 16068 | -7/Factory | Fabricated Lgt. Treads (x2) 16337 | -7/Factory | Central database locked down 16492 | -7/Factory | Identified exit to Garrison 16492 | -7/Factory | Entered Garrison 16492 | -7/Garrison | Accompanied by 2 allies 16570 | -7/Garrison | Triggered checkpoint 16571 | -7/Garrison | Core integrity fell below 50% 16638 | -7/Garrison | Garrison Relay disabled 16681 | -7/Garrison | Learned Factory security intel 16681 | -7/Garrison | Watched by a mysterious "MATRIX" hacker 16834 | -7/Garrison | Triggered checkpoint 16878 | -7/Garrison | Lost 3 allies 17162 | -7/Garrison | Triggered checkpoint 17195 | -7/Garrison | Garrison Relay disabled 17337 | -7/Garrison | Lost 3 allies 17465 | -7/Garrison | Triggered checkpoint 17564 | -7/Garrison | System Shield fried by hacking feedback 17607 | -7/Garrison | Garrison Relay disabled 17753 | -7/Garrison | Lost 6 parts (4n2w) 17984 | -7/Garrison | Build established: Bothacker-Mutant 18271 | -7/Garrison | Discovered new exit (range 13) 18302 | -7/Garrison | Build established: Bothacker-Skirmisher 18328 | -7/Garrison | Found embedded Infiltrators 18364 | -7/Garrison | Triggered checkpoint 18411 | -7/Garrison | Expanded RIF knowledge: Autooverride 18483 | -7/Garrison | Garrison Relay disabled 18528 | -7/Garrison | Triggered checkpoint 18928 | -7/Garrison | Build established: Bothacker-Tank 18934 | -7/Garrison | Discovered new exit (range 12) 19011 | -7/Garrison | Garrison Relay disabled 19024 | -7/Garrison | Triggered checkpoint 19203 | -7/Garrison | Discovered new exit (range 15) 19318 | -7/Garrison | Entered Factory 19318 | -7/Factory | Accompanied by 3 allies 19425 | -7/Factory | Repaired Imp. Remote Datajack 19620 | -7/Factory | Repaired Lgt. Treads+ 19702 | -7/Factory | Allied Derelicts emerged from ambush trap array 19855 | -7/Factory | Discovered new exit (range 15) 20118 | -7/Factory | First assault squad dispatched 20210 | -7/Factory | Cargo convoy interrupted 21471 | -7/Factory | Core integrity fell below 20% 21523 | -7/Factory | System corruption reached 10% 21597 | -7/Factory | Entered another Factory area 21597 | -6/Factory | Evolved 2 slots: Utility x2 21872 | -6/Factory | Identified exit to Lower Caves 22388 | -6/Factory | Repaired Huge Storage Unit 22427 | -6/Factory | Garrison activated, responded to threat 22732 | -6/Factory | Lost 5 parts (1n2u2w) 22945 | -6/Factory | Cargo convoy interrupted 22976 | -6/Factory | Core integrity fell below 50% 22993 | -6/Factory | Destroyed 9 combat bots 23043 | -6/Factory | Lost 12 parts (3p4n2u3w) 23075 | -6/Factory | Lost 3 parts (2u1w) 23178 | -6/Factory | Core integrity fell below 20% 23300 | -6/Factory | Build established: Mutant 23347 | -6/Factory | First assault squad dispatched 23465 | -6/Factory | Spotted B-75 Beast 23501 | -6/Factory | Destroyed by G-50 Soldier with Heavy Laser Last Messages --------------- 23408_ G-50 Soldier destroyed. 23408_ P-60 Hacker destroyed. 23408_ G-50 Soldier destroyed. 23411_ P-60 Hacker resets Y-54 Guardian, system corruption cleaned. 23411_ Acquired Remote Datajack. 23414_ Penetrated by Slug. 23423_ System corrupted: Matter fused (-9). 23431_ K-01 Serf cleans the Neutrino Reactor. 23443_ Connecting with Fabricator... 23455_ System corrupted: Biomechanical Wings rejected. 23455_ Acquired Biomechanical Wings. 23479_ Connecting with Terminal... 23480_ ALERT: Potential suspicious activity detected, Programmers report to Factory Zone 7W. 23492_ Slug penetrates Wall. 23499_ System Shield destroyed. 23500_ Penetrated by Slug. Map ----- +----------------------------------------------------+ | ?????????????????????????????????????????????????? | | ?????????????????????????????????????????????????? | | ?????????????????????????????????????????????????? | | ?????????????????????????????????????????????????? | | ?????????????????????????????????????????????????? | | ?????????????????????????????????????????????????? | | ?????????????????????????????????????????????????? | | ?????????????????????????????????????????????????? | | ?????????????????????????????????????????????????? | | ?????????????????????????????????????????????????? | | #######??????????????????????????????????????????? | | == #??????????????????????????????????????????? | | == #???????????????????????? ????????????????? | | = #??????###+####+###?????? #??????????????? | | #??????# #BB????? #??????????????? | | !#??????# #BB##### #??????????????? | | ! ???????+ * #??????????????? | | ????????# #??????????????? | | ?????????# " " """ #??????????????? | | #+############ " " "Y" #??????????????? | | " " " " #???????s??????? | | " " ???????????????? | | " " ?????????????????? | | " " ! ????????????s??????? | | " " ?????????????s??????? | | ####### " " @#??????????????????????? | | #?????# " " #??????????????????????? | | +?????# #??????????????????????? | | #?????+ !#??????????????????????? | | #?????# R #??????????????????????? | | #?????# u % #??????????????????????? | | #?????##########g ### #??????????????????????? | | #??????????????# #?# #??????????????????????? | | #??????????????# #?#+#######????????????????? | | #?????? ???????# #?? #????????????????? | | ???????"""????## ##? #????????????????? | | ??????????"""" ??# p # #????????????????? | | ??????????"""" #h T # #????????????????? | | ??????????"""" h/ "" + ! #????????????????? | | ??????????"""" # # #????????????????? | | ??????????"""" ? # # #????????????????? | | ??????????"""?? ?### ###? ! #????????????????? | | ?????????? ??? ???# #??? #????????????????? | | ???????????????????# #????#######????????????????? | | ???????????????????# #???????????????????????????? | | ??????????# ###### #???????????????????????????? | | ??????????# " #???????????????????????????? | | ??????????# ########???????????????????????????? | | ?????????????????????????????????????????????????? | | ?????????????????????????????????????????????????? | +----------------------------------------------------+ Best States ------------- Heat Dissipation 65 Energy Generation 18 Energy Capacity 290 Matter Stores 300 Matter Capacity 300 Sight Range 16 Terrain Scan Density 10 ECM Strength 1 Armor Coverage 300 Utility Shielding 66 Evasion (%) 56 Targeting Accuracy 5 Target Analysis 5 Recoil Reduction 4 Energy Filtering 50 Offensive Hacking 20 Defensive Hacking 10 Relay Coupler Types 3 Relay Coupler Value 52 Authchip Count 1 Item Schematics ----------------- Med. Armor Plating | -8/Materials | Scanalyzed Assault Rifle | -8/Materials | Scanalyzed Wheel | -8/Materials | Scanalyzed Hacking Suite | -8/Materials | Scanalyzed Prc. Beam Rifle | -8/Materials | Scanalyzed Lgt. Treads | -8/Materials | Scanalyzed Aluminum Leg | -7/Factory | Scanalyzed Robot Schematics ------------------ None Fabricated ------------ Lgt. Treads | x2 | -7/Factory | Authchip Repaired ---------- Lgt. Cannon | 55% | -10/Materials Med. Armor Plating | 19% | -8/Materials Adv. Treads | 44% | -8/Materials Lgt. Treads | 50% | -8/Materials Wheel | 20% | -8/Materials Hyp. Gauss Rifle | 27% | -7/Factory Imp. Remote Datajack | 6% | -7/Factory Lgt. Treads | 49% | -7/Factory Huge Storage Unit | 7% | -6/Factory Studied --------- Lgt. Treads | -8/Materials | Hacked Adv. Treads | -8/Materials | Hacked Wheel | -8/Materials | Hacked Hvy. Assault Rifle | -8/Materials | Hacked Gauss Rifle | -7/Factory | Hacked Lgt. Nuclear Core | -7/Factory | Hacked Imp. Ion Engine | -7/Factory | Hacked Imp. Medium Treads | -6/Factory | Hacked Alien Tech Used ----------------- None Achievements -------------- None Challenges ------------ None Game ------ Seed HelicalSkeletonClaw Manual? 0 Play Time 03:09:40 Cumulative 207.3 hours Start 2026.07.25 @ 19:16:43 End 2026.07.26 @ 00:20:38 Sessions 3 Manual Loads 0 Difficulty Rogue Special Mode None Game No. 68 Rogue 5 Adventurer 63 Explorer 0 Win Type - Total 1 Types 1/0/0/0/0/0/0/0/0/0 Lore% 71 Gallery% 62 Achievement% 52 Wizard Run 0 Options --------- Layout 1 ASCII 0 Keyboard 0 Movement Mouse Keybinds 0 Fullscreen 2 Font 32/SmallcapsGlow Map View 50x35 Zoom Use 0% Tactical HUD 1 Map Filters NONE Filters NONE Steam 1 RUN: 1f7eee08-7dcd-41e6-9141-4ffa88b2d23e